 Dungeon Crawl Stone Soup version 0.25.0-3-gd7cc5688da (webtiles) character file.

Game seed: 6553180106605448254

23 DeadF the Sneak (level 2, 0/11 HPs)
             Began as a Felid Enchanter on June 15, 2020.
             Slain by a kobold (4 damage)
             ... on level 1 of the Dungeon.
             The game lasted 00:01:48 (990 turns).

DeadF the Sneak (Felid Enchanter)                    Turns: 990, Time: 00:01:49

Health: 0/11       AC:  1    Str:  4    XL:     2   Next: 72%
Magic:  4/6        EV: 19    Int: 16    God:
Gold:   67         SH:  0    Dex: 16    Spells: 2/5 levels left
                                        Lives:  0   Deaths: 0

rFire    . . .     SeeInvis +     - Unarmed
rCold    . . .     Gourm    .   (shield unavailable)
rNeg     . . .     Faith    .   (armour unavailable)
rPois    .         Spirit   .   (helmet unavailable)
rElec    .         Reflect  .   (cloak unavailable)
rCorr    .         Harm     .   (gloves unavailable)
MR       .....                  (boots unavailable)
Stlth    +++.......             (no amulet)
HPRegen  0.03/turn              (no ring)
MPRegen  0.10/turn              (no ring)

@: quick
A: very small, no armour, no weapons or thrown items, stealth, claws 1, fangs 3,
see invisible, carnivore, speed 1, shaggy fur 1, slow metabolism 1, sharp paws
a: no special abilities


You were on level 1 of the Dungeon.
You were very full.

You visited 1 branch of the dungeon, and saw 1 of its levels.

You collected 67 gold pieces.

Inventory:

Scrolls
 a - a scroll of identify {unknown}
 e - a scroll of remove curse {unknown}
 f - a scroll of blinking {unknown}
Potions
 c - 2 potions of heal wounds {unknown}
Comestibles
 b - 2 rations


   Skills:
 + Level 3.7 Dodging
 + Level 4.9 Stealth
 - Level 1.0 Unarmed Combat
 - Level 2.0 Spellcasting
 - Level 4.4 Hexes


You had 2 spell levels left.
You knew the following spells:

 Your Spells              Type           Power        Failure   Level  Hunger
a - Corona                Hex            ###....      3%          1    #......
b - Ensorcelled Hibernat  Hex/Ice        #.....       13%         2    ###....

Your spell library contained the following spells:

 Spells                   Type           Power        Failure   Level  Hunger
 Confusing Touch          Hex            ###.....     11%         3    ###....
 Tukima's Dance           Hex            ###.....     11%         3    ###....
 Dazzling Flash           Conj/Hex       #.....       26%         3    ###....


Dungeon Overview and Level Annotations

Branches:
Dungeon (1/15)

Altars:


Innate Abilities, Weirdness & Mutations

You cannot wear armour.
You are incapable of wielding weapons or throwing items.
Your paws allow you to move quietly. (Stealth)
You have sharp claws.
You have razor-sharp teeth.
You have supernaturally acute eyesight. (SInv)
You are carnivorous and can eat meat at any time.
You cover ground quickly.
You are covered in fur. (AC +1)
You have a slow metabolism.
Your sharp claws are effective at attacking unaware monsters.


Message History

A kobold is nearby!
A kobold is nearby!
The kobold shouts!
The kobold hits you.
You scratch the kobold.
The kobold is moderately wounded.
The kobold closely misses you.
You scratch the kobold but do no damage.
The kobold is moderately wounded.
The kobold hits you.
A kobold is nearby!
You are too injured to fight recklessly!
Casting: Ensorcelled Hibernation (safe; 13% risk of failure)
Confirm with . or Enter, or press ? or * to list all spells.
Aiming: Ensorcelled Hibernation (safe; 13% risk of failure)
Press: ? - help, Shift-Dir - straight line, f - kobold
Aim: a kobold (moderately wounded, chance to defeat MR: 57%)
The kobold resists with significant effort.
The kobold hits you.
You die...

# #...#......#..##
#####..........#..#
..................# #
.............#..... ..
.......#..#..#.##.###.##
#.#....#..####.#..#.....
...............#........
#.#.......###..#K...####
...........##..#@.......
.......#.......'........
####...###.#..##........
#...# #.#..#########.
##..###.#.)# #....#.#..#
#.##.#.#..# #......#..#
#####.###..#


You could see a kobold.

Vanquished Creatures
  A leopard gecko (D:1)
  3 bats (D:1)
  2 giant cockroaches (D:1)
  2 hobgoblins (D:1)
  4 jackals (D:1)
  A ball python (D:1)
  2 frilled lizards (D:1)
  3 kobolds (D:1)
  A rat (D:1)
19 creatures vanquished.

Notes
Turn   | Place    | Note
-------+----------+-------------------------------------------
     0 | D:1      | DeadF the Felid Enchanter began the quest for the Orb.
     0 | D:1      | Reached XP level 1. HP: 7/7 MP: 4/4
   239 | D:1      | Reached XP level 2. HP: 11/11 MP: 6/6
   248 | D:1      | Learned a level 2 spell: Ensorcelled Hibernation
   990 | D:1      | Slain by a kobold

Illustrated notes

Levels and vault maps discovered:
D:1:      saegor_arrival_miasma, layout_basic

Skill      XL: |  1 |
---------------+----+-----
Dodging        | 3 |  3.7
Stealth        | |  4.9
Unarmed Combat | |  1.0
Spellcasting   | |  2.0
Hexes          | |  4.4

Action                   || total
-------------------------++-------
Melee: Unarmed           ||    42
       Bite              ||     4
 Cast: Ensorcelled Hiber ||     8
 Stab: Sleeping          ||    13
  Eat: Chunk             ||     7
Armor: Skin              ||     3
Dodge: Dodged            ||    55
